 Dungeon Crawl Stone Soup version 0.26-a0-812-g31a745ddcd (webtiles) character file.

Game seed: 2351879731211280080

2218 dolemite99 the Cleaver (level 9, -3/83 HPs)
             Began as a Hill Orc Fighter on Nov 14, 2020.
             Was an Initiate of Gozag.
             Killed from afar by an orc wizard (12 damage)
             ... with a puff of flame
             ... on level 8 of the Dungeon.
             The game lasted 00:09:52 (7832 turns).

dolemite99 the Cleaver (Hill Orc Fighter)           Turns: 7832, Time: 00:09:53

Health: -3/83      AC: 21    Str: 22    XL:     9   Next: 35%
Magic:  9/9        EV:  4    Int:  8    God:    Gozag
Gold:   453        SH:  9    Dex: 10    Spells: 8/8 levels left

rFire    . . .     SeeInvis .   a - +1 war axe
rCold    + . .     Faith    .   c - +0 kite shield
rNeg     . . .     Spirit   .   x - +0 plate armour
rPois    .         Reflect  .   s - +1 helmet
rElec    .         Harm     .   y - +1 cloak
rCorr    .         Rampage  .   h - +2 pair of gloves
MR       .....                  (no boots)
Stlth    ..........             w - amulet of magic regeneration
HPRegen  0.23/turn              F - ring of wizardry
MPRegen  0.36/turn              G - ring of protection from cold

@: gold aura
A: no striking features
a: Potion Petition, Call Merchant, Bribe Branch, Renounce Religion


You were on level 8 of the Dungeon.
You worshipped Gozag.
Gozag was aware of your devotion.
You visited 1 branch of the dungeon, and saw 7 of its levels.

You collected 1060 gold pieces.
You paid 607 gold pieces to Gozag.

Inventory:

Hand Weapons
 a - a +1 war axe (weapon)
 b - a +1 dagger of draining
 d - a +0 hunting sling
 q - a +0 short sword of flaming
 E - a +2 hand axe of venom
 L - a +0 morningstar
Missiles
 g - 125 arrows
 j - 32 sling bullets
 t - 104 stones (quivered)
 B - 29 bolts
Armour
 c - a +0 kite shield (worn)
 h - a +2 pair of gloves (worn)
 s - a +1 helmet (worn)
 x - a +0 plate armour (worn)
 y - a +1 cloak (worn)
Jewellery
 o - an uncursed ring of fire
 w - an amulet of magic regeneration (around neck)
 C - an uncursed ring of fire
 F - a ring of wizardry (left hand)
 G - a ring of protection from cold (right hand)
Wands
 n - a wand of polymorph (9)
Scrolls
 f - a scroll of magic mapping
 r - 4 scrolls of teleportation
 H - a scroll of remove curse {@r2}
 I - 3 scrolls of identify {@r1}
 J - a scroll of enchant weapon
 K - 3 scrolls of holy word {unknown}
Potions
 e - a potion of lignification {unknown}
 i - 2 potions of curing
 k - a potion of haste {unknown}
 l - 4 potions of heal wounds
 m - a potion of berserk rage {unknown}
 p - a potion of cancellation {unknown}
 u - a potion of resistance {unknown}
 v - a potion of flight {unknown}
 z - 2 potions of brilliance {unknown}
 A - a potion of mutation {unknown}
 D - a potion of attraction {unknown}


   Skills:
 - Level 9.1 Fighting
 - Level 11.0 Axes
 + Level 6.9 Armour
 - Level 3.2 Shields


You had 8 spell levels left.
You didn't know any spells.
Your spell library was empty.

Dungeon Overview and Level Annotations

Branches:
Dungeon (6/15)             Temple (0/1) D:6

Altars:
Dithmenos
Gozag
Hepliaklqana
Makhleb
Nemelex Xobeh
Okawaru
Ru
Vehumet
Yredelemnul
The Shining One

Shops:
D:5 [   D:6 [

Annotations:
D:4 3 runed translucent doors, Sobieck's ghost, weakling KoCj


Message History

You hit the orc wizard.
The orc wizard is almost dead.
You block the orc wizard's attack.
You closely miss the orc wizard.
The orc wizard is almost dead.
The orc wizard barely misses you.
The orc wizard hits you but does no damage.
You are electrocuted!
* * * LOW HITPOINT WARNING * * *
You closely miss the orc wizard.
The orc wizard is almost dead.
The orc wizard hits you but does no damage.
You are electrocuted!
* * * LOW HITPOINT WARNING * * *
You barely miss the orc wizard.
The orc wizard is almost dead.
The orc wizard casts a spell at you. The puff of flame hits you!
You die...
Your body crumbles into a pile of gold.

#. #. #### #.
o.... #.
#######o.....
#.
#...o.oo.....
#.
#.#####......
#.##o# .....
#.@oo# $ ....
###### ... ..
.


You could see an orc wizard (fast) and 2 orcs.

Vanquished Creatures
  Sigmund (D:3)
  Edmund (D:4)
  Duvessa (D:5)
  An ice beast (D:3)
  A phantom (D:5)
  2 orc warriors
  The ghost of CzarTim the Skirmisher, an amateur PaFi of Okawaru (D:3)
  An ogre (D:4)
  3 centaurs
  Dowan (D:5)
  A scorpion (D:4)
  A howler monkey (D:5)
  2 jellies
  A bullfrog skeleton (D:4)
  4 orc priests
  5 hounds
  2 orc wizards
  Crazy Yiuf (D:2)
  Jessica (D:3)
  An iguana (D:6)
  5 worker ants
  Robin (D:2)
  8 gnolls
  6 adders
  2 oozes
  5 worms
  11 dart slugs
  7 leopard geckos
  23 orcs
  5 bats
  2 giant cockroaches
  14 goblins
  12 hobgoblins
  4 jackals
  10 kobolds
  3 quokkas
  2 ball pythons (D:1)
  5 frilled lizards
  A leopard gecko zombie (D:6)
  8 rats
166 creatures vanquished.

Notes
Turn   | Place    | Note
-------+----------+-------------------------------------------
     0 | D:1      | dolemite99 the Hill Orc Fighter began the quest for the
                  | Orb.
     0 | D:1      | Reached XP level 1. HP: 19/19 MP: 1/1
    46 | D:1      | Reached skill level 3 in Axes
   184 | D:1      | Reached XP level 2. HP: 8/26 MP: 2/2
   185 | D:1      | Reached skill level 4 in Axes
   748 | D:1      | Reached XP level 3. HP: 31/31 MP: 3/3
  1033 | D:1      | Reached skill level 5 in Axes
  1531 | D:2      | Reached XP level 4. HP: 35/39 MP: 4/4
  1539 | D:2      | Noticed Robin
  1552 | D:2      | Killed Robin
  1552 | D:2      | Reached skill level 6 in Axes
  1829 | D:2      | Found an opulent altar of Gozag.
  1855 | D:2      | Became a worshipper of Gozag Ym Sagoz the Greedy
  2094 | D:2      | Found a burning altar of Makhleb.
  2188 | D:2      | Found a runed translucent door.
  2209 | D:2      | Noticed Crazy Yiuf
  2214 | D:2      | Killed Crazy Yiuf
  2214 | D:2      | Reached skill level 7 in Axes
  2214 | D:2      | Reached XP level 5. HP: 45/45 MP: 5/5
  2578 | D:3      | Noticed an ice beast
  2603 | D:3      | Killed an ice beast
  2603 | D:3      | Reached skill level 8 in Axes
  2603 | D:3      | Reached XP level 6. HP: 30/51 MP: 6/6
  2932 | D:3      | Noticed Sigmund
  2937 | D:3      | Noticed Jessica
  3093 | D:3      | Killed Jessica
  3299 | D:3      | Found a radiant altar of Vehumet.
  3349 | D:3      | Killed Sigmund
  3349 | D:3      | Reached skill level 9 in Axes
  3349 | D:3      | Reached XP level 7. HP: 37/57 MP: 7/7
  3778 | D:3      | Found a hazy altar of Hepliaklqana.
  3779 | D:3      | Reached skill level 10 in Axes
  3818 | D:3      | Found a runed translucent door.
  4536 | D:3      | Noticed CzarTim's ghost (amateur PaFi)
  4545 | D:3      | Killed CzarTim's ghost
  4640 | D:4      | Reached skill level 11 in Axes
  4823 | D:4      | Found an iron altar of Okawaru.
  4824 | D:4      | Noticed Edmund
  4854 | D:4      | Killed Edmund
  4854 | D:4      | Reached skill level 5 in Fighting
  4854 | D:4      | Reached XP level 8. HP: 64/70 MP: 8/8
  5051 | D:4      | Found a sparkling altar of Nemelex Xobeh.
  5062 | D:4      | Noticed Sobieck's ghost (weakling KoCj)
  5686 | D:4      | Found a shadowy altar of Dithmenos.
  5860 | D:4      | Found a runed translucent gate.
  5860 | D:4      | Found a runed translucent gate.
  5860 | D:4      | Found a runed translucent gate.
  6185 | D:4      | Found a basalt altar of Yredelemnul.
  6190 | D:4      | Found a glowing golden altar of the Shining One.
  6192 | D:4      | Noticed an angel
  6309 | D:5      | Entered Level 5 of the Dungeon
  6372 | D:5      | Noticed Duvessa
  6372 | D:5      | Noticed Dowan
  6380 | D:5      | Killed Dowan
  6384 | D:5      | Killed Duvessa
  6716 | D:5      | Reached XP level 9. HP: 83/83 MP: 9/9
  6859 | D:5      | Reached skill level 5 in Armour
  7092 | D:5      | Found a sacrificial altar of Ru.
  7558 | D:6      | Found a staircase to the Ecumenical Temple.
  7610 | D:6      | Found Otiotho's Armour Shoppe.
  7684 | D:6      | You fall into a shaft and drop 2 floors!
  7832 | D:8      | Killed from afar by an orc wizard

Illustrated notes

Levels and vault maps discovered:
D:1:      sevenhm_arrival_forest_fort_small_4, layout_loops_ring,
          due_unseen_surprise
D:2:      layout_loops_cross, lemuel_round_altar,
          nicolae_overflow_crystal_walls, nrook_mini_vaults, st_stairs_6,
          minmay_nonomino_d4, uniq_crazy_yiuf_cottage, uniq_robin
D:3:      kennysheep_slugbush, layout_basic, old_standard_altar,
          lemuel_doored_altar, ebering_ghost_reflecting_pool,
          hangedman_abyss_or_decor_lesser_grid, uniq_sigmund, uniq_jessica
D:4:      layout_loops_corners, grunt_temple_overflow_holy_war,
          kennysheep_mini_moat, okawaru_gym_becter, old_standard_altar,
          gammafunk_ghost_icy, st_stairs_12, hangedman_decor_riveting,
          uniq_edmund
D:5:      layout_basic, kennysheep_mini, uniq_duvessa
D:6:      cheibrodos_iron_armory, layout_basic, minmay_temple_entry_sparse_star,
          serial_shops, shop
D:8:      layout_basic, elyvilon_altar_4, hangedman_misty_isle, uniq_pikel,
          uniq_psyche

Skill      XL: |  1  2  3  4  5  6  7  8  9 |
---------------+----------------------------+-----
Axes           | 3 4 5 7 8 9 11 | 11.0
Fighting       | 5 9 |  9.1
Armour         | 4 6 |  6.9
Shields        | |  3.2

Action                   |  1- 3 |  4- 6 |  7- 9 || total
-------------------------+-------+-------+-------++-------
Melee: War axe           |    72 |   146 |   323 ||   541
       Dagger            |       |    12 |     3 ||    15
Throw: Stone             |       |    28 |   146 ||   174
Invok: Call Merchant     |       |       |     1 ||     1
Evoke: Wand              |       |       |     2 ||     2
  Use: Potion            |     1 |       |       ||     1
       Scroll            |       |     7 |     7 ||    14
 Stab: Distracted        |       |     1 |     2 ||     3
Armor: Scale mail        |    42 |    29 |       ||    71
       Plate armour      |       |    49 |   159 ||   208
Dodge: Dodged            |    20 |    33 |    29 ||    82
Block: Kite shield       |    33 |    71 |   132 ||   236

Table legend: (Time is in decaauts)
 A = Elapsed time spent in this place.
 B = Non-inter-level travel time spent in this place.
 C = Inter-level travel time spent in this place.
 D = Time resting spent in this place.
 E = Time spent auto-exploring this place.
 F = Levels seen in this place.
 G = Mean time per level.
                   A        B        C        D        E       F      G
               +--------+--------+--------+--------+--------+-----+--------+
         Total |   7961 |   7827 |    134 |   2802 |   3302 |   7 | 1137.3 |
       Dungeon |   7961 |   7827 |    134 |   2802 |   3302 |   7 | 1137.3 |
               +--------+--------+--------+--------+--------+-----+--------+

Top non-repeatable levels by time:
     D:3: 2181 daAuts
     D:4: 1741 daAuts
     D:1: 1383 daAuts
     D:2: 1121 daAuts
     D:5: 984 daAuts
     D:6: 400 daAuts
     D:8: 149 daAuts
